 Dungeon Crawl Stone Soup version 0.30.0-5-g1a98f26d00 (webtiles) character file.

Game seed: 16792659638227993472

2176 jimonade the Covert (level 9, -3/50 (53) HPs)
             Began as a Kobold Brigand on May 10, 2023.
             Was a Follower of Uskayaw.
             Slain by an orc warrior
             ... wielding a +0 hand axe
              (12 damage)
             ... on level 7 of the Dungeon.
             The game lasted 00:12:51 (6795 turns).

jimonade the Covert (Kobold Brigand)                Turns: 6795, Time: 00:12:52

HP:   -3/50 (53)    AC:  4    Str:  8    XL:     9   Next: 58%
MP:   12/12         EV: 18    Int: 13    God:    Uskayaw [*.....]
Gold: 341           SH:  0    Dex: 26    Spells: 8/8 levels left

rFire   . . .        a - +1 dagger (venom)
rCold   . . .        (no shield)
rNeg    . . .        b - +0 robe
rPois   .            (no helmet)
rElec   .            c - +0 cloak
rCorr   .            p - +0 pair of gloves
SInv    .            (no boots)
Will    .....        t - amulet of regeneration
Stlth   +++++++      i - +6 ring of dexterity
HPRegen 1.08/turn    (no ring)
MPRegen 0.13/turn

%: no passive effects
@: about to teleport, drained
A: small, no large weapons, nightstalker 3
a: Renounce Religion, Stomp


You were on level 7 of the Dungeon.
You worshipped Uskayaw.
Uskayaw was noncommittal.
You visited 1 branch of the dungeon, and saw 7 of its levels.

You collected 446 gold pieces.
You spent 105 gold pieces at shops.

Inventory:

Hand Weapons
 a - a +1 dagger of venom (weapon)
 m - a +0 long sword
 u - a +2 dagger
 C - a +0 rapier
 H - a +2 dagger of draining
 L - a +0 sling
Missiles
 d - 21 poisoned darts (quivered)
 e - 5 curare-tipped darts
 y - 78 stones
 K - 2 boomerangs
 N - a throwing net
Armour
 b - a +0 robe (worn)
 c - a +0 cloak (worn)
 j - a +0 leather armour
 o - a +2 chain mail of willpower
 p - a +0 pair of gloves (worn)
 q - a +0 ring mail
 J - a +0 kite shield
Jewellery
 i - a +6 ring of dexterity (left hand)
 t - an amulet of regeneration (around neck)
 P - a ring of wizardry
Wands
 A - a wand of mindburst (24)
 G - a wand of charming (5)
 M - a wand of polymorph (7)
Scrolls
 f - a scroll of blinking
 g - 4 scrolls of fear
 h - 2 scrolls of poison
 r - 2 scrolls of fog
 s - a scroll of enchant weapon
 x - 3 scrolls of brand weapon
 B - a scroll of magic mapping
 D - 2 scrolls of teleportation
 F - 2 scrolls of amnesia {unknown}
Potions
 k - 3 potions of lignification {unknown}
 l - a potion of heal wounds {unknown}
 n - 2 potions of brilliance {unknown}
 v - a potion of berserk rage {unknown}
 w - a potion of invisibility {unknown}
 z - a potion of haste {unknown}
 I - 2 potions of attraction {unknown}
 O - a potion of mutation {unknown}


   Skills:
 + Level 4.9 Fighting
 + Level 7.1 Short Blades
 + Level 2.3 Throwing
 + Level 4.5 Dodging
 + Level 12.5 Stealth
 * Level 5.0 Invocations


You had 8 spell levels left.
You didn't know any spells.
Your spell library contained the following spells:

 Spells                   Type           Power      Damage    Failure   Level
 Sandblast                Erth           0%         2d4       30%         1
 Passwall                 Tmut/Erth      0%         N/A       43%         2
 Scorch                   Fire           0%         2d5       43%         2
 Gell's Gravitas          Tloc           0%         N/A       67%         3
 Stone Arrow              Conj/Erth      0%         3d7       67%         3
 Teleport Other           Tloc           0%         N/A       67%         3
 Flame Wave               Conj/Fire      0%         2d4       97%         4
 Dispersal                Tloc           0%         N/A       100%        6
 Summon Cactus Giant      Summ           0%         N/A       100%        6


Dungeon Overview and Level Annotations

Branches:
Dungeon (7/15)             Temple (0/1) D:4

Altars:
Hepliaklqana
Sif Muna
Uskayaw
Vehumet
Xom
Yredelemnul
Zin

Shops:
D:7 *

Annotations:
D:4 2 transporters


Innate Abilities, Weirdness & Mutations

You are small and have problems with some larger weapons.
You are completely attuned to the shadows.


Message History

The orc warrior hits you with a +0 hand axe!
You closely miss the orc warrior.
The orc warrior is moderately wounded.
You hit the orc warrior but do no damage.
The orc warrior looks as sick as possible!
The orc warrior is moderately wounded.
The orc warrior closely misses you.
You hit the orc warrior but do no damage.
The orc warrior looks as sick as possible!
The orc warrior is moderately wounded.
The orc warrior hits you with a +0 hand axe!
The orc warrior attacks as you move away!
The orc warrior hits you with a +0 hand axe!
* * * LOW HITPOINT WARNING * * *
You hit the orc warrior but do no damage.
The orc warrior looks as sick as possible!
The orc warrior is heavily wounded.
You hit the orc warrior.
The orc warrior looks as sick as possible!
The orc warrior is severely wounded.
The orc warrior completely misses you.
You hit the orc warrior.
The orc warrior looks as sick as possible!
The orc warrior is severely wounded.
The orc warrior hits you with a +0 hand axe.
* * * LOW HITPOINT WARNING * * *
You hit the orc warrior but do no damage.
The orc warrior looks as sick as possible!
The orc warrior is severely wounded.
You barely miss the orc warrior.
The orc warrior is severely wounded.
The orc warrior closely misses you.
Okay, then.
As you read the scroll of teleportation, it crumbles to dust.
You feel strangely unstable. The orc warrior closely misses you.
You hit the orc warrior.
The orc warrior looks as sick as possible!
The orc warrior is almost dead.
The orc warrior hits you with a +0 hand axe!
You die...

.# #.# #.# .# #.#
#.# .# #.# #.# ##
#.# #. #.# #.# #.#
#.# #.#
####.###########.#
......oooo@......#
###.#############
#..)...oo.
..#.###### # #. #.


You could see an orc warrior (extremely poisoned) and 3 orcs.

Vanquished Creatures
  Pargi (D:3)
  3 ogres
  A sky beast (D:7)
  4 black bears
  A centaur (D:5)
  A bullfrog (D:6)
  3 kobold brigands
  2 scorpions
  4 wights (D:7)
  A howler monkey (D:5)
  3 hounds
  2 jellies (D:6)
  A gnoll bouda (D:4)
  6 iguanas
  3 orc wizards (D:7)
  Terence (D:2)
  8 gnolls
  7 adders
  A shadow imp (D:7)
  3 white imps
  An ufetubus (D:5)
  A worm (D:4)
  A dart slug (D:1)
  8 orcs
  8 endoplasms
  2 giant cockroaches
  6 hobgoblins
  4 quokkas
  5 ball pythons
  6 bats
  3 frilled lizards
  8 goblins
  11 kobolds
  6 rats
126 creatures vanquished.

Notes
Turn   | Place    | Note
-------+----------+-------------------------------------------
     0 | D:1      | jimonade the Kobold Brigand began the quest for the Orb.
     0 | D:1      | Reached XP level 1. HP: 12/12 MP: 1/1
   232 | D:1      | Reached XP level 2. HP: 17/17 MP: 2/2
   318 | D:1      | Reached skill level 6 in Stealth
   950 | D:1      | Reached XP level 3. HP: 21/21 MP: 3/3
  1215 | D:2      | Noticed Terence
  1219 | D:2      | Killed Terence
  1220 | D:2      | Reached skill level 7 in Stealth
  1220 | D:2      | Reached XP level 4. HP: 27/27 MP: 4/4
  1834 | D:3      | Noticed a black bear
  1853 | D:3      | Killed a black bear
  1854 | D:3      | Reached skill level 8 in Stealth
  1854 | D:3      | Reached XP level 5. HP: 9/31 MP: 5/5
  1972 | D:3      | Noticed Pargi
  1975 | D:3      | Killed Pargi
  1976 | D:3      | Reached XP level 6. HP: 36/36 MP: 6/6
  2005 | D:3      | Reached skill level 9 in Stealth
  2215 | D:3      | Found a hide-covered altar of Uskayaw.
  2253 | D:3      | Became a worshipper of Uskayaw the Reveller
  2381 | D:3      | Reached * piety under Uskayaw
  2595 | D:4      | Reached skill level 1 in Invocations
  2598 | D:4      | Reached ** piety under Uskayaw
  2611 | D:4      | You fall into a shaft and drop 2 floors!
  2648 | D:5      | Entered Level 5 of the Dungeon
  2687 | D:5      | Reached XP level 7. HP: 41/41 MP: 6/8
  2780 | D:5      | Found a faded altar of an unknown god.
  2798 | D:5      | Found a hazy altar of Hepliaklqana.
  3005 | D:5      | Reached skill level 5 in Short Blades
  3040 | D:5      | Reached skill level 10 in Stealth
  3178 | D:5      | Reached XP level 8. HP: 46/46 MP: 9/9
  3866 | D:4      | Found a staircase to the Ecumenical Temple.
  4006 | D:4      | Found a transporter.
  4197 | D:4      | Found a transporter.
  4669 | D:6      | Found a shimmering blue altar of Sif Muna.
  4672 | D:6      | Found a basalt altar of Yredelemnul.
  4981 | D:6      | Reached skill level 11 in Stealth
  5334 | D:6      | Noticed an angel
  5335 | D:6      | Found a glowing silver altar of Zin.
  5339 | D:6      | Found a shimmering altar of Xom.
  5399 | D:6      | Reached XP level 9. HP: 52/52 MP: 10/12
  5727 | D:6      | Reached skill level 12 in Stealth
  5939 | D:7      | Found Foiffu Peona's General Store.
  5951 | D:7      | Bought a scroll of blinking for 105 gold pieces
  6008 | D:7      | Found a radiant altar of Vehumet.
  6571 | D:7      | Reached skill level 5 in Invocations
  6795 | D:7      | Slain by an orc warrior

Illustrated notes

Levels and vault maps discovered:
D:1:      amcnicky_arrival_double_pillar, layout_basic
D:2:      layout_basic, serial_rivers, chequers_serial_rivers_micro_e,
          chequers_serial_rivers_marsh, chequers_serial_rivers_small_3,
          chequers_serial_rivers_large_a, minmay_gold_behind_fungi, uniq_terence
D:3:      layout_basic, nicolae_uskayaw_murder_on_the_dancefloor,
          hangedman_decor_opposing, uniq_pargi
D:4:      gammafunk_steamed_eel, layout_cave_pods,
          minmay_temple_entry_enclosed_plants
D:5:      nicolae_BIG_FREAKIN_CUBE, layout_basic,
          beargit_hepliaklqana_dungeon_heroes, glass_columns_b, corexii_shack
D:6:      layout_gridville, grunt_temple_overflow_order_and_chaos_1,
          mainiacjoe_overflow_divided_tiny
D:7:      layout_basic, vehumet_statue, serial_shops, nicolae_shop_trees

Skill      XL: |  1  2  3  4  5  6  7  8  9 |
---------------+----------------------------+-----
Stealth        | 6 7 8 9 10 11 12 | 12.5
Short Blades   | 3 4 5 6 7 |  7.1
Dodging        | 2 3 4 |  4.5
Fighting       | 3 4 |  4.9
Invocations    | 1 2 4 5 |  5.0
Throwing       | |  2.3

Action                     |  1- 3 |  4- 6 |  7- 9 || total
---------------------------+-------+-------+-------++-------
  Melee: Dagger            |    41 |    57 |   329 ||   427
         Punch             |       |       |     3 ||     3
    Use: Scroll            |       |       |     9 ||     9
   Stab: Sleeping          |    14 |    22 |    23 ||    59
         Distracted        |       |       |     1 ||     1
 Armour: Robe              |     8 |     8 |    30 ||    46
  Dodge: Dodged            |    13 |    24 |   213 ||   250
